TOP OF THE 1ST |
Baltimore Orioles batting - Pitching for Toronto Blue Jays : RHP Tony Rios
|
Pitching: RHP Tony Rios
|
|
Batting: RHB Rudo Garciaparra
|
0-0: Foul Ball, location: 2F 0-1: DOUBLE (Line Drive, 78XD, EV 105.0 MPH)
|
Batting: RHB Marc Peckermark
|
0-0: Ball 1-0: Swinging Strike 1-1: Ball 2-1: Foul Ball, location: 2F 2-2: Foul Ball, location: 2F 2-2: Foul Ball, location: 2F 2-2: Foul Ball, location: 2F 2-2: Strikes out looking
|
Batting: RHB Saimei Kudo
|
0-0: Called Strike 0-1: Foul Ball, location: 2F 0-2: Strikes out swinging
|
Batting: SHB Jason Hayes
|
0-0: Ball 1-0: Ball 2-0: Called Strike 2-1: Swinging Strike 2-2: Strikes out swinging
|
Top of the 1st over - 0 runs, 1 hit, 0 errors, 1 left on base; Baltimore 0 - Toronto 0 |
BOTTOM OF THE 1ST |
Toronto Blue Jays batting - Pitching for Baltimore Orioles : RHP Paul Schwartz
|
Pitching: RHP Paul Schwartz
|
|
Batting: RHB Donny Burnside
|
0-0: Called Strike 0-1: Ball 1-1: Called Strike 1-2: Ball 2-2: Foul Ball, location: 2F 2-2: Foul Ball, location: 2F 2-2: Fly out, F9 (Flyball, 9S, EV 85.6 MPH)
|
Batting: LHB Michael Byrd
|
0-0: Called Strike 0-1: SINGLE (Line Drive, 56D, EV 95.6 MPH)
|
Batting: SHB Mark Rennie
|
0-0: Ball 1-0: Called Strike Michael Byrd steals 2nd base 1-1: Called Strike 1-2: Ball 2-2: Ball 3-2: Base on Balls
|
Batting: RHB Ruben Velasco
|
0-0: Called Strike 0-1: Ball 1-1: Foul Ball, location: 2F 1-2: Ball 2-2: Strikes out swinging
|
Batting: LHB Bob Branham
|
0-0: 3-RUN HOME RUN (Flyball, 9LD, EV 91.9 MPH), Distance : 339 ft
|
Batting: LHB Jon Schick
|
0-0: Ball 1-0: Called Strike 1-1: SINGLE (Line Drive, 34, EV 95.6 MPH)
|
Batting: RHB Mike Blair
|
0-0: Called Strike 0-1: Ball 1-1: Ball 2-1: Foul Ball, location: 2F 2-2: Foul Ball, location: 2F 2-2: Ball Jon Schick steals 2nd base 3-2: Reached on error, E6 (Groundball, 6, EV 105.6 MPH) Jon Schick to third
|
Pitching: RHP Freddie Trainor
|
|
Batting: RHB Tommy Mize
|
0-0: Ball 1-0: Foul Ball, location: 2F 1-1: Ball 2-1: SINGLE (Line Drive, 56D, EV 95.0 MPH) Jon Schick scores Mike Blair to second
|
Batting: SHB Dylan Novakowski
|
0-0: Ball 1-0: Called Strike 1-1: Ball 2-1: Ball 3-1: Swinging Strike 3-2: Strikes out swinging
|
Bottom of the 1st over - 4 runs, 4 hits, 1 error, 2 left on base; Baltimore 0 - Toronto 4 |
TOP OF THE 2ND |
Baltimore Orioles batting - Pitching for Toronto Blue Jays : RHP Tony Rios
|
Batting: LHB Brad Pepin
|
0-0: Ground out 4-3 (Groundball, 34, EV 83.8 MPH)
|
Batting: LHB Paul Diaz
|
0-0: Ball 1-0: Ball 2-0: Ball 3-0: Fly out, F9 (Line Drive, 9, EV 95.0 MPH)
|
Batting: LHB Gabe Pace
|
0-0: Foul Ball, location: 2F 0-1: Ball 1-1: Swinging Strike 1-2: Ball 2-2: Strikes out swinging
|
Top of the 2nd over - 0 runs, 0 hits, 0 errors, 0 left on base; Baltimore 0 - Toronto 4 |
BOTTOM OF THE 2ND |
Toronto Blue Jays batting - Pitching for Baltimore Orioles : RHP Freddie Trainor
|
Batting: RHB Donny Burnside
|
0-0: Swinging Strike 0-1: Ball 1-1: Ball 2-1: Foul Ball, location: 2F 2-2: Ground out 3-1 (Groundball, 34, EV 106.2 MPH)
|
Batting: LHB Michael Byrd
|
0-0: Fly out, F9 (Flyball, 89M, EV 85.6 MPH)
|
Batting: SHB Mark Rennie
|
0-0: Ball 1-0: Swinging Strike 1-1: Ball 2-1: Ball 3-1: Base on Balls
|
Batting: RHB Ruben Velasco
|
0-0: Ball 1-0: Called Strike 1-1: Ball 2-1: 2-RUN HOME RUN (Flyball, 78XD, EV 105.0 MPH), Distance : 406 ft
|
Batting: LHB Bob Branham
|
0-0: Called Strike 0-1: Called Strike 0-2: SOLO HOME RUN (Flyball, 89XD, EV 98.1 MPH), Distance : 406 ft
|
Batting: LHB Jon Schick
|
0-0: Ball 1-0: Ball 2-0: SINGLE (Line Drive, 6M, EV 99.4 MPH)
|
Batting: RHB Mike Blair
|
0-0: Called Strike 0-1: Swinging Strike 0-2: Ball Wild Pitch! Jon Schick to second 1-2: Strikes out looking
|
Bottom of the 2nd over - 3 runs, 3 hits, 0 errors, 1 left on base; Baltimore 0 - Toronto 7 |
TOP OF THE 3RD |
Baltimore Orioles batting - Pitching for Toronto Blue Jays : RHP Tony Rios
|
Batting: RHB Ruben Garza
|
0-0: Called Strike 0-1: Ball 1-1: Fly out, F3 (Popup, 3F, EV 83.1 MPH)
|
Batting: RHB Darwin Mills
|
0-0: Called Strike 0-1: Swinging Strike 0-2: Ball 1-2: Strikes out looking
|
Batting: RHB Rudo Garciaparra
|
0-0: Ball 1-0: Ground out 5-3 (Groundball, 5, EV 86.2 MPH)
|
Top of the 3rd over - 0 runs, 0 hits, 0 errors, 0 left on base; Baltimore 0 - Toronto 7 |
BOTTOM OF THE 3RD |
Toronto Blue Jays batting - Pitching for Baltimore Orioles : RHP Freddie Trainor
|
Batting: RHB Tommy Mize
|
0-0: Foul Ball, location: 2F 0-1: DOUBLE (Flyball, 8LXD, EV 98.8 MPH)
|
Batting: SHB Dylan Novakowski
|
0-0: Ball 1-0: Foul Ball, location: 2F 1-1: Foul Ball, location: 2F 1-2: Ball 2-2: Strikes out swinging
|
Batting: RHB Donny Burnside
|
0-0: Ball 1-0: Swinging Strike 1-1: Ground out 4-3 (Groundball, 4, EV 103.8 MPH) Tommy Mize to third
|
Batting: LHB Michael Byrd
|
0-0: Called Strike 0-1: Ball 1-1: Called Strike 1-2: Foul Ball, location: 2F 1-2: Ball 2-2: Foul Ball, location: 2F 2-2: Foul Ball, location: 2F 2-2: Foul Ball, location: 2F 2-2: Ball 3-2: Foul Ball, location: 2F 3-2: SINGLE (Line Drive, 89M, EV 104.4 MPH) Tommy Mize scores
|
Pitching: RHP Joon-ho Rhee
|
|
Batting: SHB Mark Rennie
|
0-0: Called Strike Michael Byrd steals 2nd base 0-1: Ball 1-1: Foul Ball, location: 2F 1-2: Ground out 4-3 (Groundball, 4, EV 81.9 MPH)
|
Bottom of the 3rd over - 1 run, 2 hits, 0 errors, 1 left on base; Baltimore 0 - Toronto 8 |
TOP OF THE 4TH |
Baltimore Orioles batting - Pitching for Toronto Blue Jays : RHP Tony Rios
|
Batting: RHB Marc Peckermark
|
0-0: Called Strike 0-1: Foul Ball, location: 2F 0-2: Ground out 3-1 (Groundball, 34, EV 86.9 MPH)
|
Batting: RHB Saimei Kudo
|
0-0: Ground out 4-3 (Groundball, 4, EV 87.5 MPH)
|
Batting: SHB Jason Hayes
|
0-0: Ball 1-0: Ball 2-0: Ball 3-0: Base on Balls
|
Batting: LHB Brad Pepin
|
0-0: Called Strike 0-1: Swinging Strike 0-2: Ball 1-2: Ball 2-2: SINGLE (Flyball, 6D, EV 88.8 MPH) Jason Hayes to second Jason Hayes to third
|
Batting: LHB Paul Diaz
|
0-0: Swinging Strike 0-1: Fly out, F5 (Flyball, 56D, EV 85.6 MPH)
|
Top of the 4th over - 0 runs, 1 hit, 0 errors, 2 left on base; Baltimore 0 - Toronto 8 |
BOTTOM OF THE 4TH |
Toronto Blue Jays batting - Pitching for Baltimore Orioles : RHP Joon-ho Rhee
|
Batting: RHB Ruben Velasco
|
0-0: Ball 1-0: Called Strike 1-1: Called Strike 1-2: Foul Ball, location: 2F 1-2: Ball 2-2: Ground out 5-3 (Groundball, 5, EV 94.4 MPH)
|
Batting: LHB Bob Branham
|
0-0: Called Strike 0-1: Called Strike 0-2: Fly out, F7 (Flyball, 78S, EV 84.4 MPH)
|
Batting: LHB Jon Schick
|
0-0: Ball 1-0: Ball 2-0: Foul Ball, location: 2F 2-1: Foul Ball, location: 2F 2-2: Foul Ball, location: 2F 2-2: Foul Ball, location: 2F 2-2: Foul Ball, location: 2F 2-2: Ball 3-2: Base on Balls
|
Batting: RHB Mike Blair
|
0-0: Called Strike 0-1: Hit by Pitch Jon Schick to second
|
Batting: RHB Tommy Mize
|
0-0: Foul Ball, location: 2F 0-1: Ball 1-1: Ball 2-1: Ball 3-1: Called Strike 3-2: Base on Balls Jon Schick to third Mike Blair to second
|
Batting: SHB Dylan Novakowski
|
0-0: Called Strike 0-1: Ball 1-1: Called Strike 1-2: Foul Ball, location: 2F 1-2: Ball 2-2: Foul Ball, location: 2F 2-2: Strikes out swinging
|
Bottom of the 4th over - 0 runs, 0 hits, 0 errors, 3 left on base; Baltimore 0 - Toronto 8 |
TOP OF THE 5TH |
Baltimore Orioles batting - Pitching for Toronto Blue Jays : RHP Tony Rios
|
Batting: LHB Gabe Pace
|
0-0: Called Strike 0-1: Called Strike 0-2: SINGLE (Groundball, 3S, EV 66.9 MPH) (infield hit)
|
Batting: RHB Ruben Garza
|
0-0: Called Strike 0-1: Foul Ball, location: 2F 0-2: SINGLE (Groundball, 4D, EV 95.6 MPH) Gabe Pace to second
|
Batting: RHB Darwin Mills
|
0-0: Foul Ball, location: 2F 0-1: Swinging Strike 0-2: Ball 1-2: Foul Ball, location: 2F 1-2: Hit by Pitch Gabe Pace to third Ruben Garza to second
|
Batting: RHB Rudo Garciaparra
|
0-0: Called Strike 0-1: Ball 1-1: Foul Ball, location: 2F 1-2: Ball 2-2: Foul Ball, location: 2F 2-2: SINGLE (Groundball, 6MD, EV 112.5 MPH) (infield hit) Gabe Pace scores Ruben Garza to third Darwin Mills to second
|
Batting: RHB Marc Peckermark
|
0-0: Fly out, F8 (Line Drive, 8LD, EV 103.1 MPH) Runner from 3rd tags up, OUT at HOME! 8-2 Darwin Mills to third Rudo Garciaparra to second
|
Batting: RHB Saimei Kudo
|
0-0: Foul Ball, location: 2F 0-1: Swinging Strike 0-2: Ball 1-2: Foul Ball, location: 2F 1-2: Ball 2-2: Foul Ball, location: 2F 2-2: Foul Ball, location: 2F 2-2: Foul Ball, location: 2F 2-2: DOUBLE (Line Drive, 78D, EV 105.6 MPH) Darwin Mills scores Rudo Garciaparra scores
|
Batting: SHB Jason Hayes
|
0-0: Ball 1-0: SINGLE (Line Drive, 56, EV 100.6 MPH) Saimei Kudo to third Runner from 3rd tries for Home, SAFE, throw by LF to home
|
Batting: LHB Brad Pepin
|
0-0: Ball 1-0: Called Strike 1-1: Ball 2-1: Fly out, F7 (Flyball, 78M, EV 89.4 MPH)
|
Top of the 5th over - 4 runs, 5 hits, 0 errors, 1 left on base; Baltimore 4 - Toronto 8 |
BOTTOM OF THE 5TH |
Toronto Blue Jays batting - Pitching for Baltimore Orioles : RHP Joon-ho Rhee
|
Batting: RHB Donny Burnside
|
0-0: Ball 1-0: Ground out 6-3 (Groundball, 6, EV 98.8 MPH)
|
Batting: LHB Michael Byrd
|
0-0: Ball 1-0: Ball 2-0: Fly out, F7 (Flyball, 7, EV 78.8 MPH)
|
Batting: SHB Mark Rennie
|
0-0: Ball 1-0: Ball 2-0: Called Strike 2-1: Foul Ball, location: 2F 2-2: Foul Ball, location: 2F 2-2: Ball 3-2: Base on Balls
|
Pitching: RHP Josh Boyles
|
|
Batting: RHB Ruben Velasco
|
0-0: Ball 1-0: Ball 2-0: Ball 3-0: Base on Balls Mark Rennie to second
|
Batting: LHB Bob Branham
|
0-0: Ball 1-0: Ball 2-0: Ball 3-0: Called Strike 3-1: Base on Balls Mark Rennie to third Ruben Velasco to second
|
Batting: LHB Jon Schick
|
0-0: Fielders Choice at 2nd, 6-4 (Groundball, 6, EV 95.6 MPH)
|
Bottom of the 5th over - 0 runs, 0 hits, 0 errors, 3 left on base; Baltimore 4 - Toronto 8 |
TOP OF THE 6TH |
Baltimore Orioles batting - Pitching for Toronto Blue Jays : RHP Tony Rios
|
Batting: LHB Paul Diaz
|
0-0: Ball 1-0: Swinging Strike 1-1: Ball 2-1: Swinging Strike 2-2: Strikes out swinging
|
Batting: LHB Gabe Pace
|
0-0: Ball 1-0: Foul Ball, location: 2F 1-1: Called Strike 1-2: Fly out, F7 (Line Drive, 7, EV 84.4 MPH)
|
Batting: RHB Ruben Garza
|
0-0: Swinging Strike 0-1: Swinging Strike 0-2: Strikes out looking
|
Top of the 6th over - 0 runs, 0 hits, 0 errors, 0 left on base; Baltimore 4 - Toronto 8 |
BOTTOM OF THE 6TH |
Toronto Blue Jays batting - Pitching for Baltimore Orioles : RHP Josh Boyles
|
Batting: RHB Mike Blair
|
0-0: SINGLE (Groundball, 4S, EV 74.4 MPH) (infield hit)
|
Batting: RHB Tommy Mize
|
0-0: Ball Mike Blair steals 2nd base 1-0: Called Strike 1-1: 2-RUN HOME RUN (Flyball, 7D, EV 98.8 MPH), Distance : 369 ft
|
Batting: SHB Dylan Novakowski
|
0-0: Called Strike 0-1: Ball 1-1: Called Strike 1-2: Strikes out swinging
|
Batting: RHB Donny Burnside
|
0-0: Ball 1-0: Ball 2-0: Foul Ball, location: 2F 2-1: Ball 3-1: Base on Balls
|
Batting: LHB Michael Byrd
|
0-0: Ball 1-0: Foul Ball, location: 2F 1-1: Ball 2-1: Called Strike Donny Burnside steals 2nd base 2-2: DOUBLE (Line Drive, 7LS, EV 108.1 MPH) Donny Burnside scores
|
Batting: SHB Mark Rennie
|
0-0: Ball 1-0: Ball 2-0: Swinging Strike 2-1: Ball 3-1: Base on Balls
|
Batting: RHB Ruben Velasco
|
0-0: Ball 1-0: Ball 2-0: SINGLE (Line Drive, 8RS, EV 91.2 MPH) Michael Byrd to third Mark Rennie to second Runner from 3rd tries for Home, throw by CF and OUT! 8-2
|
Pitching: RHP Chris Dauphin
|
|
Batting: LHB Bob Branham
|
0-0: Called Strike 0-1: Swinging Strike 0-2: Ball 1-2: Foul Ball, location: 2F 1-2: Ball 2-2: Fielders Choice at 2nd, 5-6 (Groundball, 6, EV 101.2 MPH)
|
Bottom of the 6th over - 3 runs, 4 hits, 0 errors, 2 left on base; Baltimore 4 - Toronto 11 |
TOP OF THE 7TH |
Baltimore Orioles batting - Pitching for Toronto Blue Jays : RHP Tony Rios
|
Batting: RHB Darwin Mills
|
0-0: Called Strike 0-1: Ball 1-1: Ball 2-1: Foul Ball, location: 2F 2-2: SINGLE (Groundball, 34D, EV 101.2 MPH)
|
Batting: RHB Rudo Garciaparra
|
0-0: Ball 1-0: TRIPLE (Line Drive, 8LXD, EV 113.1 MPH) Darwin Mills scores
|
Batting: RHB Marc Peckermark
|
0-0: Fly out, F9 (Line Drive, 9, EV 93.1 MPH) Runner from 3rd tags up, SCORES, no throw by RF
|
Pitching: LHP Jon Valdovinos
|
|
Batting: RHB Saimei Kudo
|
0-0: Ball 1-0: Called Strike 1-1: Ball 2-1: Ball 3-1: Foul Ball, location: 2F 3-2: Foul Ball, location: 2F 3-2: Foul Ball, location: 2F 3-2: Ground out 6-3 (Groundball, 6, EV 85.6 MPH)
|
Batting: SHB Jason Hayes
|
0-0: Ball 1-0: Called Strike 1-1: Ball 2-1: Ball 3-1: Base on Balls
|
Batting: LHB Brad Pepin
|
0-0: Ball 1-0: Ball 2-0: SINGLE (Groundball, 3S, EV 62.5 MPH) (infield hit) Jason Hayes to second
|
Batting: LHB Paul Diaz
|
0-0: Ball 1-0: Called Strike 1-1: Ground out 4-3 (Groundball, 4S, EV 88.8 MPH)
|
Top of the 7th over - 2 runs, 3 hits, 0 errors, 2 left on base; Baltimore 6 - Toronto 11 |
BOTTOM OF THE 7TH |
Toronto Blue Jays batting - Pitching for Baltimore Orioles : RHP Chris Dauphin
|
Batting: LHB Jon Schick
|
0-0: Swinging Strike 0-1: Called Strike 0-2: Ball 1-2: Ball 2-2: Foul Ball, location: 2F 2-2: Ball 3-2: Strikes out swinging
|
Batting: RHB Mike Blair
|
0-0: Called Strike 0-1: Ball 1-1: Ball 2-1: Foul Ball, location: 2F 2-2: Foul Ball, location: 2F 2-2: Ball 3-2: Base on Balls
|
Batting: RHB Tommy Mize
|
0-0: Called Strike 0-1: Ground out 6-3 (Groundball, 6S, EV 84.4 MPH) Mike Blair to second
|
Batting: SHB Dylan Novakowski
|
0-0: Ground out 6-3 (Groundball, 4M, EV 105.6 MPH)
|
Bottom of the 7th over - 0 runs, 0 hits, 0 errors, 1 left on base; Baltimore 6 - Toronto 11 |
TOP OF THE 8TH |
Baltimore Orioles batting - Pitching for Toronto Blue Jays : LHP Jon Valdovinos
|
Batting: LHB Gabe Pace
|
0-0: Called Strike 0-1: Fly out, F5 (Popup, 25F, EV 76.2 MPH)
|
Batting: RHB Ruben Garza
|
0-0: Called Strike 0-1: Foul Ball, location: 2F 0-2: Ball 1-2: Strikes out looking
|
Batting: RHB Darwin Mills
|
0-0: Called Strike 0-1: Called Strike 0-2: Ball 1-2: Strikes out swinging, 2-3 out at first.
|
Top of the 8th over - 0 runs, 0 hits, 0 errors, 0 left on base; Baltimore 6 - Toronto 11 |
BOTTOM OF THE 8TH |
Toronto Blue Jays batting - Pitching for Baltimore Orioles : RHP Chris Dauphin
|
Batting: RHB Donny Burnside
|
0-0: Ball 1-0: Ground out 4-3 (Groundball, 4, EV 90.0 MPH)
|
Pitching: RHP Jay Rapini
|
|
Batting: LHB Michael Byrd
|
0-0: Ball 1-0: Called Strike 1-1: Ball 2-1: Ball 3-1: Base on Balls
|
Batting: SHB Mark Rennie
|
0-0: Ball 1-0: Foul Ball, location: 2F 1-1: Called Strike 1-2: Ground out 4-3 (Groundball, 3, EV 96.9 MPH) Michael Byrd to second
|
Batting: RHB Ruben Velasco
|
0-0: Ball 1-0: Ball 2-0: Ball 3-0: Base on Balls
|
Batting: LHB Bob Branham
|
0-0: Swinging Strike 0-1: Foul Ball, location: 2F 0-2: Ball 1-2: Ground out 5-3 (Groundball, 56S, EV 66.2 MPH)
|
Bottom of the 8th over - 0 runs, 0 hits, 0 errors, 2 left on base; Baltimore 6 - Toronto 11 |
TOP OF THE 9TH |
Baltimore Orioles batting - Pitching for Toronto Blue Jays : LHP Jon Valdovinos
|
Batting: RHB Rudo Garciaparra
|
0-0: Swinging Strike 0-1: Foul Ball, location: 2F 0-2: Ball 1-2: Ground out 5-3 (Groundball, 5L, EV 88.1 MPH)
|
Batting: RHB Marc Peckermark
|
0-0: Ball 1-0: Ball 2-0: Called Strike 2-1: Swinging Strike 2-2: Foul Ball, location: 2F 2-2: DOUBLE (Groundball, 3L, EV 103.8 MPH)
|
Batting: RHB Saimei Kudo
|
0-0: Ball 1-0: Ground out 5-3 (Groundball, 56, EV 76.2 MPH)
|
Batting: SHB Jason Hayes
|
0-0: Ball 1-0: Called Strike 1-1: Ball 2-1: 2-RUN HOME RUN (Flyball, 78XD, EV 103.8 MPH), Distance : 421 ft
|
Batting: LHB Brad Pepin
|
0-0: Called Strike 0-1: Called Strike 0-2: Strikes out swinging
|
Top of the 9th over - 2 runs, 2 hits, 0 errors, 0 left on base; Baltimore 8 - Toronto 11 |
|